[Event "Titled Tuesday Blitz April 18 Early 2023"]
[White "Novikov, Evgenij"]
[Black "Kucuksari, Kaan"]
[WhiteFideId "4125380"]
[BlackFideId "6380166"]
[WhiteElo "2242"]
[BlackElo "2364"]
[Result "1-0"]
[Round "08"]
[TimeControl "180+2"]
[Date "2023.04.18"]
[WhiteClock "0:00:06"]
[BlackClock "0:00:05"]

1. e4 e5 2. Nf3 Nc6 3. Bb5 a6 4. Ba4 Nf6 5. d3 b5 6. Bb3 Be7 7. O-O d6 8. a4 Na5 9. axb5 Nxb3 10. cxb3 O-O 11. Nc3 Bb7 12. bxa6 Rxa6 13. Rxa6 Bxa6 14. Re1 Nd7 15. Nd5 Nc5 16. d4 Nd3 17. Re3 Nf4 18. dxe5 dxe5 19. Nxe5 Bd6 20. Nc4 Bc5 21. Rf3 Nxd5 22. exd5 Bb7 23. Rd3 Qf6 24. Be3 Bd6 25. Qf3 Qxf3 26. gxf3 Rd8 27. Bd2 Be7 28. Ba5 Rd7 29. Ne5 Rxd5 30. Rxd5 Bxd5 31. Bxc7 Bxb3 32. Nc6 Bc5 33. Kg2 f6 34. Nb8 Kf7 35. Na6 Be7 36. Bb6 Bd6 37. Bc5 Be5 38. Ba3 g5 39. Nc5 Bd5 40. h3 h5 41. Nd3 Bc7 42. Ne1 Bf4 43. Bc5 Bb3 44. Nd3 Bc7 45. f4 Bd5+ 46. f3 g4 47. hxg4 hxg4 48. Ne1 Bxf4 49. Kf2 g3+ 50. Kg2 Kg6 51. Nd3 Bc7 52. Bd4 f5 53. Be3 Bc4 54. Bf4 Bb6 55. Ne5+ Kf6 56. Nxc4 Ke6 57. Kxg3 Bc5 58. Ne5 Kd5 59. Nd3 Bd4 60. b3 Bc3 61. Be3 Ke6 62. Kf4 Bf6 63. Nc5+ Kd5 64. Kxf5 Be5 65. Ne4 Bd6 66. Bf4 Bb4 67. Nf6+ Kc6 68. Be5 Kc5 69. f4 Kc6 70. Ne4 Kd7 71. Kf6 Ke8 72. Ke6 Kf8 73. f5 Be1 74. Bd6+ Kg7 75. b4 Bxb4 76. Bxb4 1-0


[Site "https://www.chess.com"]

[Event "Titled Tuesday Blitz April 18 Early 2023"]
[White "Kozin, Yuri"]
[Black "Chernomordik, Pavel"]
[WhiteFideId "4129920"]
[BlackFideId "2804530"]
[WhiteElo "2634"]
[BlackElo "2193"]
[Result "0-1"]
[Round "08"]
[TimeControl "180+2"]
[Date "2023.04.18"]
[WhiteClock "0:00:12"]
[BlackClock "0:00:43"]

1. e4 g6 2. d4 Bg7 3. Nc3 d6 4. Nf3 a6 5. Be3 b5 6. Qd2 Bb7 7. Bd3 Nd7 8. Ne2 c5 9. c3 Qc7 10. Ng3 Ngf6 11. Bh6 O-O 12. Bxg7 Kxg7 13. h4 h5 14. Qg5 Rh8 15. e5 Bxf3 16. exf6+ exf6 17. Qf4 Rae8+ 18. Kf1 Bd5 19. Kg1 Qc6 20. Kh2 Bxg2 21. Rhg1 Bd5 22. Nf5+ Kf8 23. Qxd6+ Qxd6+ 24. Nxd6 Re6 25. Nc8 Kg7 26. Bf5 Rxc8 27. Bxe6 Bxe6 28. Rgd1 Nb6 29. dxc5 Rxc5 30. Rd6 Nc4 31. Rxa6 Nxb2 32. Rb1 Na4 33. Rc1 Rc4 34. Kg3 Nc5 35. f3 Nxa6 0-1


[Site "https://www.chess.com"]

[Event "Titled Tuesday Blitz April 18 Early 2023"]
[White "Sieciechowicz, Marcin"]
[Black "Grot, Blazej"]
[WhiteFideId "1130170"]
[BlackFideId "21835845"]
[WhiteElo "2302"]
[BlackElo "1823"]
[Result "1/2-1/2"]
[Round "08"]
[TimeControl "180+2"]
[Date "2023.04.18"]
[WhiteClock "0:01:36"]
[BlackClock "0:01:56"]

1. d4 Nf6 2. c4 g6 3. Nc3 d5 4. Nf3 Bg7 5. Qb3 dxc4 6. Qxc4 O-O 7. e4 a6 8. e5 b5 9. Qb3 Nfd7 10. e6 fxe6 11. h4 Nf6 12. Be2 Nc6 13. Be3 Na5 14. Qc2 Qd6 15. Ng5 e5 16. h5 exd4 17. Rd1 Bf5 18. Qc1 e5 1/2-1/2


[Site "https://www.chess.com"]

[Event "Titled Tuesday Blitz April 18 Early 2023"]
[White "Toncheva, Nadya"]
[Black "Averjanov, Alexey"]
[WhiteFideId "2924056"]
[BlackFideId "14109867"]
[WhiteElo "2101"]
[BlackElo "2624"]
[Result "0-1"]
[Round "08"]
[TimeControl "180+2"]
[Date "2023.04.18"]
[WhiteClock "0:00:09"]
[BlackClock "0:01:00"]

1. e4 c6 2. d4 d5 3. Nc3 dxe4 4. Nxe4 Bf5 5. Ng3 Bg6 6. h4 h6 7. Nf3 Nd7 8. Bd3 Bxd3 9. Qxd3 e6 10. Bf4 Ngf6 11. O-O-O Be7 12. Kb1 O-O 13. Ne4 Nxe4 14. Qxe4 Nf6 15. Qe2 Qd5 16. g4 Nxg4 17. Rhg1 h5 18. Ne5 f5 19. f3 Nxe5 20. dxe5 Qc5 21. Rg6 Rad8 22. Rdg1 Rf7 23. Qg2 Bf8 24. Rxe6 Rfd7 25. Bc1 Rd1 26. Rxd1 Rxd1 27. Qe2 Qg1 28. a3 Rxc1+ 29. Ka2 Ra1+ 30. Kb3 Qb6+ 31. Kc3 Qa5+ 32. Kb3 Qb6+ 33. Kc3 Rb1 34. Qc4 Qxb2+ 35. Kd3 Qb5 36. Rxc6+ Qxc4+ 37. Rxc4 Bxa3 38. e6 Be7 39. Rc8+ Kh7 40. Rc7 Bxh4 41. Kd2 Rb6 42. e7 Re6 43. Rxb7 Rxe7 44. Rb5 g6 45. Rb4 Bg5+ 0-1


[Site "https://www.chess.com"]

[Event "Titled Tuesday Blitz April 18 Early 2023"]
[White "Vaibhav Jayant Raut"]
[Black "Eggink, Ryszard"]
[WhiteFideId "5089034"]
[BlackFideId "1125869"]
[WhiteElo "2156"]
[BlackElo "2283"]
[Result "1-0"]
[Round "08"]
[TimeControl "180+2"]
[Date "2023.04.18"]
[WhiteClock "0:00:06"]
[BlackClock "0:00:10"]

1. Nf3 Nf6 2. g3 e6 3. Bg2 d5 4. O-O Be7 5. d3 O-O 6. Nbd2 c5 7. e4 b6 8. Re1 Bb7 9. exd5 Nxd5 10. a4 Nc6 11. h4 Rc8 12. Nc4 a6 13. h5 b5 14. axb5 axb5 15. Nce5 Nd4 16. c3 Nxf3+ 17. Bxf3 Qc7 18. h6 g6 19. Ra7 Ra8 20. Rxb7 Qxb7 21. c4 Rad8 22. cxd5 exd5 23. Ng4 f5 24. Ne5 Bf6 25. b4 Rfe8 26. d4 cxd4 27. Nd3 Re4 28. Bf4 Qe7 29. Rf1 g5 30. Bd2 Rc8 31. Qb3 Rc4 32. Qa2 Kf7 33. Bh5+ Ke6 34. Qa6+ Qd6 35. Qxb5 g4 36. Bf4 Qd7 37. Nc5+ Rxc5 38. Qxc5 d3 39. Rd1 Bd4 40. Qf8 Re2 41. Qg8+ Ke7 42. Bg5+ Kd6 43. Qf8+ Kc7 44. Rc1+ Kb7 45. Bf7 Bxf2+ 46. Kf1 Bb6 47. Bxd5+ Qxd5 48. Qc8+ Ka7 49. Ra1+ Ra2 50. Rxa2+ Qxa2 51. Qd7+ Ka6 52. Qxd3+ Kb7 53. Qxf5 Qc4+ 54. Ke1 Qxb4+ 55. Bd2 Qd4 56. Qxh7+ Ka6 57. Qf5 Qg1+ 58. Ke2 Qg2+ 59. Kd1 Qxg3 60. Qc8+ Ka7 61. Qd7+ Ka6 62. h7 Qf3+ 63. Kc2 Qe4+ 64. Qd3+ Qxd3+ 65. Kxd3 g3 66. h8=Q Ka7 67. Qg7+ Ka6 68. Qg6 Kb7 69. Be3 Bc7 70. Qg7 Kc6 71. Ke4 Bd6 72. Kf3 Kd5 73. Bf4 Bc5 74. Bxg3 Bd4 75. Qg5+ Kc4 76. Qg4 Kd3 77. Qe4+ Kc4 78. Be5 1-0


[Site "https://www.chess.com"]

[Event "Titled Tuesday Blitz April 18 Early 2023"]
[White "Berezin, Viktor"]
[Black "Jimenez Jimenez, Leandro"]
[WhiteFideId "14107872"]
[BlackFideId "6415253"]
[WhiteElo "2310"]
[BlackElo "2263"]
[Result "1-0"]
[Round "08"]
[TimeControl "180+2"]
[Date "2023.04.18"]
[WhiteClock "0:00:44"]
[BlackClock "0:00:01"]

1. d4 d5 2. c4 dxc4 3. e3 Nf6 4. Bxc4 e6 5. Nf3 Be7 6. O-O O-O 7. Qe2 c5 8. Rd1 cxd4 9. exd4 Nc6 10. Nc3 Nd5 11. Ne4 b6 12. Bg5 Bb7 13. Bxe7 Ncxe7 14. Rac1 Nf5 15. Ng3 Nf4 16. Qe5 Ng6 17. Qe2 Nfh4 18. Nxh4 Qxh4 19. f3 Rad8 20. Qf2 Nf4 21. Ne2 Qf6 22. Nc3 Rc8 23. Bf1 Rfd8 24. Ne4 Qg6 25. Ng3 h5 26. Kh1 Qg5 27. Ne4 Bxe4 28. Rxc8 Rxc8 29. fxe4 e5 30. d5 h4 31. d6 Rd8 32. d7 Qe7 33. Qd2 Ne6 34. Ba6 Nd4 35. Bc8 Qf6 36. Kg1 1-0


[Site "https://www.chess.com"]

[Event "Titled Tuesday Blitz April 18 Early 2023"]
[White "Akylbek2021"]
[Black "Lamaze, Simon"]
[BlackFideId "36069264"]
[WhiteElo "2442"]
[BlackElo "2272"]
[Result "0-1"]
[Round "08"]
[TimeControl "180+2"]
[Date "2023.04.18"]
[WhiteClock "0:00:07"]
[BlackClock "0:02:08"]

1. e4 c5 2. Nf3 e6 3. d4 cxd4 4. Nxd4 Nc6 5. Nc3 Qc7 6. g3 a6 7. Bg2 Nf6 8. O-O Bc5 9. Nb3 Be7 10. Re1 d6 11. a4 Rb8 12. a5 b5 13. axb6 Qxb6 14. Be3 Qc7 15. h3 O-O 16. g4 Rd8 17. f4 d5 18. e5 d4 19. exf6 Bxf6 20. Ne4 dxe3 21. Nxf6+ gxf6 22. Qf3 Nd4 23. Nxd4 Rxd4 24. Qxe3 Qxf4 25. Qxf4 Rxf4 26. Rad1 Kg7 27. Rd8 Rc4 28. Re4 Rxc2 29. Bf1 Rbxb2 30. Red4 a5 31. Re8 Rc1 32. Rd6 Bb7 0-1


[Site "https://www.chess.com"]

[Event "Titled Tuesday Blitz April 18 Early 2023"]
[White "Kim, Sergey"]
[Black "Vivas Zamora, Fabian Ernesto"]
[WhiteFideId "13700570"]
[BlackFideId "3902480"]
[WhiteElo "2614"]
[BlackElo "2262"]
[Result "1-0"]
[Round "08"]
[TimeControl "180+2"]
[Date "2023.04.18"]
[WhiteClock "0:01:20"]
[BlackClock "0:00:01"]

1. d4 Nf6 2. c4 g6 3. Nc3 d5 4. cxd5 Nxd5 5. e4 Nxc3 6. bxc3 Bg7 7. Bc4 c5 8. Ne2 Nc6 9. Be3 O-O 10. O-O b6 11. Qd2 Bb7 12. Rad1 cxd4 13. cxd4 e6 14. Bh6 Rc8 15. Bxg7 Kxg7 16. Bb3 Na5 17. Ng3 Qh4 18. f4 Rfd8 19. f5 exf5 20. exf5 Nxb3 21. axb3 Rd6 22. Rf4 Qd8 23. fxg6 hxg6 24. Rdf1 Rc7 25. Rg4 Rd5 26. Nf5+ Rxf5 27. Rxf5 Bc8 28. Rff4 Bxg4 29. Rxg4 Qc8 30. h3 Rc1+ 31. Kh2 Qc7+ 32. Rg3 b5 33. d5 Rc2 34. Qd4+ Kg8 35. d6 Qc5 36. Qf6 Qg1+ 37. Kxg1 1-0


[Site "https://www.chess.com"]

[Event "Titled Tuesday Blitz April 18 Early 2023"]
[White "Delorme, Axel"]
[Black "Arias, Juan Cruz"]
[WhiteFideId "632023"]
[BlackFideId "118540"]
[WhiteElo "2478"]
[BlackElo "2243"]
[Result "1-0"]
[Round "08"]
[TimeControl "180+2"]
[Date "2023.04.18"]
[WhiteClock "0:01:10"]
[BlackClock "0:01:15"]

1. e4 c6 2. d4 d5 3. Nc3 dxe4 4. Nxe4 Bf5 5. Ng3 Bg6 6. h4 h6 7. Nf3 Nd7 8. h5 Bh7 9. Bd3 Bxd3 10. Qxd3 e6 11. Bd2 Ngf6 12. O-O-O Be7 13. Kb1 O-O 14. Ne4 Nxe4 15. Qxe4 Nf6 16. Qe2 Qd5 17. Be3 Ng4 18. Bc1 Rad8 19. Ne5 Nxe5 20. dxe5 Qb5 21. Qxb5 cxb5 22. c3 Rxd1 23. Rxd1 Rd8 24. Rxd8+ Bxd8 25. Be3 a6 26. Kc2 Bc7 27. f4 Kf8 28. Kd3 Ke7 29. Bc5+ Ke8 30. Ke4 f5+ 31. exf6 gxf6 32. f5 exf5+ 33. Kxf5 Kf7 34. Be3 Be5 35. Bxh6 b4 36. Bd2 a5 37. g4 Bd6 38. cxb4 axb4 39. b3 b5 40. Be3 1-0


[Site "https://www.chess.com"]

[Event "Titled Tuesday Blitz April 18 Early 2023"]
[White "Pavlidou, Ekaterini"]
[Black "Skatchkov, Valery"]
[WhiteFideId "4213262"]
[BlackFideId "24195812"]
[WhiteElo "2126"]
[BlackElo "2262"]
[Result "0-1"]
[Round "08"]
[TimeControl "180+2"]
[Date "2023.04.18"]
[WhiteClock "0:00:11"]
[BlackClock "0:00:23"]

1. d4 Nf6 2. c4 e6 3. Nc3 d5 4. Bg5 dxc4 5. e3 c5 6. Bxc4 Nc6 7. Nf3 a6 8. a4 Be7 9. O-O O-O 10. Qe2 cxd4 11. Rfd1 Qa5 12. exd4 Rd8 13. d5 exd5 14. Bxf6 Bxf6 15. Nxd5 Bg4 16. b4 Nxb4 17. Nxf6+ gxf6 18. Qe7 Rf8 19. Qxf6 Qh5 20. Ra3 Qg6 21. Qc3 Rad8 22. Rxd8 Qb1+ 23. Ne1 Rxd8 24. Ra1 Qe4 25. Qxb4 Rd4 26. Rc1 Be6 27. Qb2 Rxc4 28. Rd1 Rc8 29. f3 Qe3+ 30. Qf2 Qxf2+ 31. Kxf2 Rc4 32. a5 Rc5 33. Nd3 Rxa5 34. Rb1 Bf5 35. Ke2 Ra2+ 36. Ke3 Ra3 37. Rd1 b5 38. g4 Bg6 39. f4 Bxd3 40. Rxd3 Rxd3+ 41. Kxd3 Kf8 42. Kd4 a5 43. Kc5 a4 44. Kb4 Ke7 45. h4 Ke6 46. h5 Kd5 47. g5 Ke4 48. g6 fxg6 0-1


[Site "https://www.chess.com"]

[Event "Titled Tuesday Blitz April 18 Early 2023"]
[White "Sokolovsky, Yahli"]
[Black "Dwilewicz, Katarzyna"]
[WhiteFideId "2820242"]
[BlackFideId "1148486"]
[WhiteElo "2316"]
[BlackElo "2065"]
[Result "1-0"]
[Round "08"]
[TimeControl "180+2"]
[Date "2023.04.18"]
[WhiteClock "0:00:41"]
[BlackClock "0:00:03"]

1. b3 Nf6 2. Bb2 d5 3. e3 Nc6 4. d4 g6 5. Bb5 Bg7 6. Nf3 O-O 7. Bxc6 bxc6 8. O-O Ne4 9. Nbd2 c5 10. Nxe4 dxe4 11. Ne5 cxd4 12. Bxd4 Bb7 13. Qe2 c5 14. Bb2 Qc7 15. Nc4 e5 16. Qd2 Rad8 17. Qa5 Qxa5 18. Nxa5 Ba6 19. Rfd1 Be2 20. Re1 Rd2 21. Rac1 Ba6 22. Ba3 Rc8 23. Red1 Rxd1+ 24. Rxd1 Bf8 25. c4 Rc7 26. Rd8 Kg7 27. Bb2 f6 28. Kf1 Be7 29. Ra8 Kf7 30. Ke2 Ke6 31. Rh8 h5 32. h4 Kf7 33. Ra8 g5 34. hxg5 fxg5 35. Bxe5 Rd7 36. Rh8 Kg6 37. Nc6 g4 38. Rg8+ Kf7 39. Rg7+ Ke6 40. Rg6+ Kf5 41. Rh6 Bb7 42. Nxe7+ Kxe5 43. Rxh5+ Ke6 44. Ng6 Rc7 45. Nf4+ Kf6 46. Rh6+ Kg5 47. Ne6+ Kxh6 48. Nxc7 Kg5 49. Ne6+ Kf5 50. Nxc5 Bc6 51. g3 Ke5 52. Kd2 Kd6 53. b4 a5 54. a3 axb4 55. axb4 Be8 56. Nxe4+ Ke5 57. Nc3 Bf7 58. c5 1-0


[Site "https://www.chess.com"]

[Event "Titled Tuesday Blitz April 18 Early 2023"]
[White "Andersson, Bjorn 1971"]
[Black "Bodnaruk, Anastasia"]
[WhiteFideId "1702114"]
[BlackFideId "4181751"]
[WhiteElo "2176"]
[BlackElo "2310"]
[Result "0-1"]
[Round "08"]
[TimeControl "180+2"]
[Date "2023.04.18"]
[WhiteClock "0:00:06"]
[BlackClock "0:00:38"]

1. e4 c5 2. Nf3 d6 3. d4 cxd4 4. Nxd4 Nf6 5. Nc3 a6 6. Be2 e5 7. Nb3 Be7 8. O-O O-O 9. Kh1 b6 10. a4 Bb7 11. Nd5 Nxe4 12. Bf3 f5 13. Be3 Nd7 14. a5 b5 15. Nxe7+ Qxe7 16. Qe2 d5 17. Bb6 Rac8 18. c3 Rf6 19. Ba7 Ba8 20. Rad1 Nf8 21. Be3 Ne6 22. Bb6 N6g5 23. Bxe4 fxe4 24. Qe3 Ne6 25. Qg3 Nf4 26. Qe3 Rh6 27. Nc5 Qh4 28. Qg3 Qe7 29. b4 Rg6 30. Qe3 Nxg2 31. Qh3 Rf8 32. Rg1 Nf4 33. Qe3 Rxg1+ 34. Rxg1 d4 35. cxd4 exd4 36. Qg3 e3+ 37. f3 Ne2 38. Qe1 Bxf3+ 39. Rg2 Nf4 0-1


[Site "https://www.chess.com"]

[Event "Titled Tuesday Blitz April 18 Early 2023"]
[White "Janaszak, Dawid"]
[Black "Novikova, Galina"]
[WhiteFideId "1119206"]
[BlackFideId "4157095"]
[WhiteElo "2220"]
[BlackElo "1953"]
[Result "1-0"]
[Round "08"]
[TimeControl "180+2"]
[Date "2023.04.18"]
[WhiteClock "0:00:41"]
[BlackClock "0:00:02"]

1. e4 e6 2. b3 d5 3. Bb2 dxe4 4. Nc3 Nf6 5. Qe2 Nc6 6. O-O-O Nd4 7. Qe1 Be7 8. Nxe4 O-O 9. Nf3 c5 10. Bd3 a5 11. Nxf6+ Bxf6 12. Qe4 g6 13. h4 a4 14. h5 axb3 15. axb3 Qa5 16. Nxd4 Bxd4 17. c3 Bg7 18. hxg6 fxg6 19. Rxh7 Rf5 20. Rdh1 Bd7 21. g4 Rf6 22. c4 Rf7 23. Qxg6 Kf8 24. Qxf7+ Kxf7 25. Rxg7+ Kf8 26. Rh8# 1-0


[Site "https://www.chess.com"]

[Event "Titled Tuesday Blitz April 18 Early 2023"]
[White "wqws"]
[Black "Seder, Mohammed"]
[BlackFideId "11505567"]
[WhiteElo "2591"]
[BlackElo "1862"]
[Result "1-0"]
[Round "08"]
[TimeControl "180+2"]
[Date "2023.04.18"]
[WhiteClock "0:02:23"]
[BlackClock "0:01:18"]

1. e4 c5 2. Nf3 Nc6 3. d4 cxd4 4. Nxd4 Nf6 5. Nc3 e5 6. Ndb5 d6 7. Nd5 Nxd5 8. exd5 Ne7 9. c4 f5 10. c5 Ng6 11. h4 e4 12. h5 Ne5 13. Qd4 a6 14. cxd6 Bxd6 15. Nxd6+ Qxd6 16. h6 g6 17. Bf4 Nd3+ 18. Bxd3 Qxf4 19. Qxh8+ Kd7 20. Qxh7+ Kd6 21. Be2 Bd7 22. Qg7 Rc8 23. O-O e3 24. Qf6+ Kc7 25. Rac1+ 1-0


[Site "https://www.chess.com"]

[Event "Titled Tuesday Blitz April 18 Early 2023"]
[White "Prieto Aranguren, Alain"]
[Black "Shevtchenko, Olesya"]
[WhiteFideId "2268906"]
[BlackFideId "24131890"]
[WhiteElo "2209"]
[BlackElo "2003"]
[Result "1/2-1/2"]
[Round "08"]
[TimeControl "180+2"]
[Date "2023.04.18"]
[WhiteClock "0:00:07"]
[BlackClock "0:00:11"]

1. d4 Nf6 2. Bg5 e6 3. Nd2 h6 4. Bf4 c5 5. c3 cxd4 6. cxd4 Nd5 7. Bg3 Qb6 8. e4 Nf6 9. Qc2 Nc6 10. Ngf3 Bb4 11. O-O-O Nxd4 12. Nxd4 Qxd4 13. a3 Bxd2+ 14. Rxd2 Qxe4 15. Bd3 Qc6 16. Qxc6 bxc6 17. Bd6 Nd5 18. Be4 Ba6 19. Bxd5 cxd5 20. Rc2 f6 21. Rc7 Rc8 22. Rxc8+ Bxc8 23. Kd2 Bb7 24. Rc1 Bc6 25. Rc5 Kf7 26. Ra5 Ra8 27. a4 a6 28. f4 h5 29. Ke3 Kg6 30. Kd4 Kf5 31. Kc5 e5 32. fxe5 fxe5 33. b4 Ke4 34. Kb6 Kd3 35. Bxe5 g6 36. Kc5 d4 37. g3 Ke2 38. Bxd4 Kf3 39. Be5 g5 40. b5 axb5 41. Rxa8 Bxa8 42. Kxb5 Bc6+ 43. Kb4 d5 44. a5 Ke4 45. Bf6 d4 46. Bxg5 d3 47. Kc5 Ba8 48. Bd2 Kf3 49. Kd6 Ke2 50. Bb4 d2 51. Bxd2 Kxd2 52. Ke5 Ke2 53. Kf5 Kf2 54. Kg5 Bf3 55. a6 Kg2 56. a7 Kxh2 57. a8=Q Bxa8 58. Kxh5 Kxg3 1/2-1/2


[Site "https://www.chess.com"]

[Event "Titled Tuesday Blitz April 18 Early 2023"]
[White "MKlose11"]
[Black "Gheorghiu, Calin"]
[BlackFideId "1200305"]
[WhiteElo "2587"]
[BlackElo "2223"]
[Result "1-0"]
[Round "08"]
[TimeControl "180+2"]
[Date "2023.04.18"]
[WhiteClock "0:00:06"]
[BlackClock "0:00:03"]

1. e4 e6 2. Nf3 d5 3. e5 c5 4. b4 d4 5. bxc5 Bxc5 6. c3 Nc6 7. Bb5 Ne7 8. O-O O-O 9. Ba3 Bxa3 10. Nxa3 a6 11. Ba4 b5 12. Bc2 Bb7 13. Qe2 Ng6 14. Rac1 Rc8 15. Rfe1 Qe7 16. Nb1 Rfd8 17. Be4 dxc3 18. Nxc3 Nd4 19. Nxd4 Rxd4 20. Qe3 Rcd8 21. Rc2 b4 22. Bxb7 bxc3 23. dxc3 Rd3 24. Qe4 Nxe5 25. h3 Ng6 26. Bxa6 Rd1 27. Bf1 Qg5 28. c4 Rxe1 29. Qxe1 Rc8 30. Qc3 h5 31. c5 Nf4 32. c6 Nd5 33. Qc5 g6 34. Bc4 Qf5 35. Bf1 Qe4 36. Qc4 Qe5 37. Rc1 Rc7 38. Qc5 Kg7 39. a4 Qb2 40. a5 Qa2 41. a6 Nf4 42. Qd4+ e5 43. Qxe5+ Kh7 44. Qxc7 1-0


[Site "https://www.chess.com"]

[Event "Titled Tuesday Blitz April 18 Early 2023"]
[White "Ibadov, Dashgyn"]
[Black "Delorme, Alban"]
[WhiteFideId "24107514"]
[BlackFideId "623636"]
[WhiteElo "2208"]
[BlackElo "2196"]
[Result "0-1"]
[Round "08"]
[TimeControl "180+2"]
[Date "2023.04.18"]
[WhiteClock "0:00:01"]
[BlackClock "0:00:02"]

1. e4 c5 2. Nf3 d6 3. d4 cxd4 4. Nxd4 Nf6 5. Nc3 a6 6. h3 e5 7. Nde2 h5 8. Bg5 Be6 9. Bxf6 Qxf6 10. Nd5 Qd8 11. Nec3 Nc6 12. Bc4 g6 13. O-O Bg7 14. Bb3 O-O 15. Qd3 Kh8 16. Rad1 Nd4 17. f4 f5 18. Ne3 Bxb3 19. axb3 exf4 20. Rxf4 Be5 21. exf5 Bxf4 22. Qxd4+ Be5 23. Qe4 gxf5 24. Nxf5 Qg5 25. Rf1 Rf7 26. Nd5 Raf8 27. Nde3 Rg8 28. c3 Rf6 29. b4 Re8 30. Kh1 Qg6 31. Qxb7 Bf4 32. Nd5 Rxf5 33. Nxf4 Qf6 34. Qf3 Rf8 35. g3 h4 36. Qg4 hxg3 37. Ng6+ Qxg6 38. Qxg6 Rxf1+ 39. Kg2 R8f2+ 40. Kxg3 Rg1+ 0-1


[Site "https://www.chess.com"]

[Event "Titled Tuesday Blitz April 18 Early 2023"]
[White "Indjic, Aleksandar"]
[Black "Koutlas, Nikolaos"]
[WhiteFideId "911925"]
[BlackFideId "25827138"]
[WhiteElo "2614"]
[BlackElo "2215"]
[Result "1-0"]
[Round "08"]
[TimeControl "180+2"]
[Date "2023.04.18"]
[WhiteClock "0:01:24"]
[BlackClock "0:00:03"]

1. a4 h5 2. e4 c5 3. Nc3 Nc6 4. Bb5 h4 5. Bxc6 dxc6 6. h3 e5 7. d3 Be6 8. b3 g6 9. Be3 b6 10. Qd2 a5 11. f4 Bg7 12. Nf3 exf4 13. Bxf4 Nf6 14. Bg5 Qc7 15. O-O Nh5 16. e5 Ng3 17. Rfe1 Kd7 18. Ne4 Nxe4 19. dxe4+ Kc8 20. Bf6 Bxf6 21. exf6 Kb7 22. c4 Rad8 23. Qe3 Qg3 24. Ng5 Qe5 25. Nxe6 Qxe6 26. e5 Rd4 27. Rad1 Rhd8 28. Rxd4 cxd4 29. Qd3 Qf5 30. Qxf5 gxf5 31. Kf2 Re8 32. Kf3 Rg8 33. Kf4 d3 34. Rd1 Rg3 35. e6 Rg6 36. e7 Rg8 37. Rxd3 Kc7 38. Kxf5 c5 39. Rd8 Rxd8 40. exd8=Q+ Kxd8 41. Kg4 1-0


[Site "https://www.chess.com"]

[Event "Titled Tuesday Blitz April 18 Early 2023"]
[White "Matinian, Nikita"]
[Black "Lorenzo De La Riva, Lazaro"]
[WhiteFideId "24129100"]
[BlackFideId "2268809"]
[WhiteElo "2422"]
[BlackElo "2294"]
[Result "1-0"]
[Round "08"]
[TimeControl "180+2"]
[Date "2023.04.18"]
[WhiteClock "0:01:14"]
[BlackClock "0:00:07"]

1. e4 c6 2. d4 d5 3. e5 Bf5 4. Nf3 e6 5. Be2 Nd7 6. O-O a5 7. Nbd2 a4 8. Re1 h6 9. Nf1 Ne7 10. Ng3 Bh7 11. Bd3 Bxd3 12. Qxd3 c5 13. c3 Qb6 14. Nh5 Nc6 15. dxc5 Nxc5 16. Qe3 Nd7 17. Qf4 g5 18. Qg3 O-O-O 19. Rb1 Qc7 20. b4 Be7 21. b5 Na5 22. b6 Qc4 23. Be3 Nc6 24. Nd4 Nxd4 25. cxd4 Kb8 26. Rec1 Qxa2 27. Nf6 Nxf6 28. exf6+ Bd6 29. Qf3 a3 30. Qd1 Rc8 31. Qa4 Rc4 32. Qa7+ Kc8 33. Qa8+ Bb8 34. h4 Rg8 35. hxg5 hxg5 36. g3 Qe2 37. Rxc4+ dxc4 38. Rb5 Qf3 39. d5 Kd7 40. Qxb7+ Kd6 41. Qc6+ Ke5 42. dxe6+ Kxf6 43. Qxf3+ 1-0


[Site "https://www.chess.com"]

[Event "Titled Tuesday Blitz April 18 Early 2023"]
[White "Martinez Ramirez, Lennis"]
[Black "Wisniacki, Flavio"]
[WhiteFideId "3509079"]
[BlackFideId "119229"]
[WhiteElo "2410"]
[BlackElo "2150"]
[Result "1-0"]
[Round "08"]
[TimeControl "180+2"]
[Date "2023.04.18"]
[WhiteClock "0:00:17"]
[BlackClock "0:00:04"]

1. e4 e5 2. Nf3 Nc6 3. Bc4 Nf6 4. d3 Bc5 5. c3 a6 6. b4 Ba7 7. a4 d6 8. h3 O-O 9. Bg5 Be6 10. Nbd2 Qe7 11. O-O Nd8 12. b5 axb5 13. axb5 Bxc4 14. Nxc4 Ne6 15. Bh4 Nf4 16. Ne3 Bxe3 17. fxe3 Rxa1 18. Qxa1 Nxd3 19. Bxf6 gxf6 20. Nh4 Kh8 21. Nf5 Qd7 22. c4 Nc5 23. Qd1 Rg8 24. Qf3 Rg6 25. Ra1 Qd8 26. h4 Ne6 27. h5 Rg5 28. Nh6 Kg7 29. Ng4 Rxg4 30. Qxg4+ Ng5 31. Qf5 b6 32. Rf1 h6 33. Ra1 Qe7 34. Kf2 Qe6 35. Qxe6 Nxe6 36. Ra8 Kh7 37. Rc8 Kg7 38. Kf3 Kh7 39. Kg4 Kg7 40. Kf5 Kh7 41. Kxf6 Ng5 42. Rxc7 Nxe4+ 43. Kxf7 Ng5+ 44. Kf6+ Kh8 45. Kg6 Ne4 46. Rc8# 1-0


[Site "https://www.chess.com"]

[Event "Titled Tuesday Blitz April 18 Early 2023"]
[White "Jaferian, Koosha"]
[Black "Mouhamad, Joachim"]
[WhiteFideId "12507440"]
[BlackFideId "656410"]
[WhiteElo "2073"]
[BlackElo "2125"]
[Result "0-1"]
[Round "08"]
[TimeControl "180+2"]
[Date "2023.04.18"]
[WhiteClock "0:00:07"]
[BlackClock "0:00:07"]

1. Nf3 d5 2. b3 Nf6 3. Bb2 e6 4. e3 b6 5. Be2 Bb7 6. O-O Nbd7 7. c4 Bd6 8. d4 O-O 9. Nc3 Ne4 10. Bd3 f5 11. Rc1 a6 12. Ne2 Qf6 13. Bb1 g5 14. cxd5 exd5 15. Ne5 Nxe5 16. dxe5 Bxe5 17. Bxe5 Qxe5 18. f4 gxf4 19. exf4 Qg7 20. Nd4 Rae8 21. Qh5 Qf7 22. Qh6 c5 23. Nf3 Qg6 24. Qh4 d4 25. Ne5 Rxe5 26. fxe5 Nd2 27. Qh3 Nxf1 28. Rxf1 Be4 29. Bd3 f4 30. Bxa6 f3 31. Bc4+ Kh8 32. Qg3 Kg7 33. Qxg6+ hxg6 34. gxf3 Rxf3 35. Rxf3 Bxf3 36. Kf2 Be4 37. Kg3 Bc6 38. Kf4 b5 39. Bd3 Bd5 40. Bxb5 Kf7 41. a4 Ke6 42. Bc4 g5+ 43. Kg3 Kxe5 44. a5 Bxc4 45. bxc4 Kd6 46. Kf3 Kc6 47. Ke4 Kb7 48. Kd3 Ka6 49. h4 gxh4 0-1


[Site "https://www.chess.com"]

[Event "Titled Tuesday Blitz April 18 Early 2023"]
[White "Danielyan, Vahe"]
[Black "Baches Garcia, Guillermo"]
[WhiteFideId "13304828"]
[BlackFideId "2209764"]
[WhiteElo "2423"]
[BlackElo "2468"]
[Result "1-0"]
[Round "08"]
[TimeControl "180+2"]
[Date "2023.04.18"]
[WhiteClock "0:02:14"]
[BlackClock "0:00:38"]

1. d4 Nf6 2. c4 e6 3. Nc3 d5 4. Qc2 c5 5. Nf3 Nc6 6. cxd5 Nxd4 7. Nxd4 cxd4 8. Qa4+ Bd7 9. Qxd4 exd5 10. Bg5 Be7 11. Rd1 O-O 12. g3 h6 13. h4 Be6 14. Bg2 Rc8 15. Kf1 Qa5 16. Bd2 Bc5 17. Nxd5 Bxd4 18. Ne7+ Kh7 19. Bxa5 1-0


[Site "https://www.chess.com"]

[Event "Titled Tuesday Blitz April 18 Early 2023"]
[White "Erzhanov, Arman"]
[Black "Hirneise, Jens"]
[WhiteFideId "4138821"]
[BlackFideId "24614734"]
[WhiteElo "2138"]
[BlackElo "2345"]
[Result "0-1"]
[Round "08"]
[TimeControl "180+2"]
[Date "2023.04.18"]
[WhiteClock "0:01:13"]
[BlackClock "0:00:07"]

1. e4 d6 2. g3 c5 3. Bg2 h5 4. h3 Nf6 5. Ne2 g6 6. c3 Bg7 7. d4 cxd4 8. cxd4 Nc6 9. Nbc3 Bd7 10. O-O h4 11. g4 Nxg4 12. hxg4 Bxg4 13. f3 Bd7 14. Kh2 h3 15. Bh1 e5 16. d5 Na5 17. b3 Rc8 18. Be3 Bh6 19. Qd2 Bxe3 20. Qxe3 g5 21. Rac1 f6 22. Rg1 b6 23. Rg3 Kf7 24. Ng1 Rh4 25. Nge2 Rc7 26. Rgg1 Qc8 27. Ng3 b5 28. Nce2 b4 29. Rxc7 Qxc7 30. Rc1 Qb8 31. Qd2 Rh8 32. Nf1 Rc8 33. Rxc8 Bxc8 34. Ne3 Qb6 35. Ng1 Nb7 36. Nxh3 Nc5 37. Bg2 Ba6 38. Bf1 Bxf1 39. Nxf1 g4 40. Kg3 gxh3 41. Kxh3 Qa6 42. Kg2 Qb5 43. Qh6 Qe2+ 44. Kg1 Nd3 45. Qh7+ Kf8 46. Qh8+ Kf7 47. Qh7+ Kf8 48. Qh6+ Kf7 49. Qh3 Qf2+ 50. Kh1 Nf4 51. Nh2 Nxh3 52. Ng4 Qxa2 53. Nxe5+ dxe5 54. f4 Qa1+ 55. Kg2 Nxf4+ 56. Kf3 Qd4 57. Kg4 f5+ 58. Kxf5 Nd3 59. d6 Nc5 60. Kg5 Qxd6 61. Kg4 Qf6 0-1


[Site "https://www.chess.com"]